Map: World of Sleepers LE

Players

lIIllllIIlll (INnoVation)

  • Race: Terran Terran
  • League: Master
  • Spawn Location: 1:00

GOReynor (Reynor) - Winner!

  • Race: Zerg Zerg
  • League: Master
  • Spawn Location: 7:00

Event: HomeStory Cup XX

VOD

Have the link to the VOD?

Description

Time

  • Played on: Nov. 24, 2019, 11:12 a.m.
  • Length: 12:50

All games in this series

Show
View Real Time Build Order
Export as new Build Order

lIIllllIIlll Terran 

Build Orders: Hellion Opening, Reaper Expand 

Get SALT Encoding   

  12  0:00  SCV  
  13  0:12  SCV  
  14  0:17  Supply Depot  
  14  0:24  SCV  
  15  0:38  SCV  
  15  0:40  Barracks  
  16  0:43  Refinery  
  16  0:50  SCV  
  17  1:02  SCV  
  18  1:14  SCV  
  19  1:27  Orbital Command, Reaper  
  20  1:37  Command Center  
  20  1:48  Supply Depot  
  20  1:52  SCV  
  21  1:59  Marine  
  22  2:04  SCV  
  22  2:07  Factory  
  23  2:08  Refinery  
  23  2:17  SCV  
  23  2:21  Barracks Reactor  
  24  2:29  SCV  
  25  2:41  SCV  
  26  2:49  Orbital Command  
  26  2:52  Starport  
  26  2:53  SCV  
  27  3:00  Hellion x2  
  27  3:03  Barracks Tech Lab  
  27  3:05  SCV  
  32  3:13  Supply Depot  
  32  3:16  SCV  
  32  3:17  SCV  
  34  3:21  Hellion x2  
  38  3:27  Marine  
  38  3:30  SCV x2  
  38  3:32  Fusion Core  
  41  3:39  Supply Depot  
  41  3:42  SCV x2  
  41  3:44  Hellion  
  41  3:45  Starport Tech Lab, Hellion  
  47  3:54  SCV x2  
  49  4:01  Supply Depot  
  49  4:05  Hellion  
  49  4:06  Hellion  
  49  4:08  SCV x2  
  55  4:19  Battlecruiser  
  55  4:20  SCV  
  55  4:23  SCV  
  63  4:35  SCV x2  
  64  4:38  Command Center  
  64  4:39  Stimpack  
  64  4:43  Supply Depot  
  64  4:48  Factory Reactor  
  64  4:50  SCV x2, Barracks  
  66  4:56  Barracks  
  66  4:57  Marine  
  67  5:02  SCV  
  67  5:03  SCV  
  67  5:06  Engineering Bay  
  69  5:07  Engineering Bay  
  69  5:12  Refinery  
  69  5:13  Refinery  
  69  5:15  SCV x2  
  69  5:17  Marine  
  69  5:18  Supply Depot  
  72  5:27  SCV x2  
  74  5:39  Starport Reactor  
  74  5:42  SCV x2  
  64  5:43  Terran Infantry Weapons Level 1, Terran Infantry Armor Level 1  
  64  5:44  Marine x2  
  62  5:52  Orbital Command  
  62  5:54  Marine, SCV x2  
  65  5:58  Barracks  
  65  6:02  Marine x2  
  65  6:03  Barracks  
  67  6:06  SCV x2  
  69  6:12  Marine x3  
  69  6:15  Medivac x2  
  69  6:16  Siege Tank, Orbital Command  
  80  6:18  Combat Shield  
  80  6:19  Marine x2  
  80  6:21  SCV  
  80  6:22  SCV  
  83  6:28  Supply Depot  
  83  6:34  Marine x3, SCV x2  
  83  6:37  Marine x2  
  90  6:40  Unknown  
  90  6:41  Armory  
  90  6:42  SCV  
  90  6:46  SCV x2  
  90  6:47  Supply Depot  
  93  6:48  Barracks Reactor  
  93  6:50  Barracks Reactor  
  93  6:54  SCV  
  93  6:55  Marine x5  
  93  6:56  Medivac  
  93  6:57  Medivac  
  93  6:58  SCV x2  
  105  7:05  Supply Depot  
  105  7:07  SCV  
  106  7:10  SCV x2, Supply Depot  
  106  7:12  Factory  
  108  7:16  Marine x5  
  108  7:20  SCV  
  108  7:22  SCV x2  
  116  7:26  Siege Tank  
  119  7:30  Command Center  
  115  7:39  Terran Infantry Weapons Level 2, Terran Infantry Armor Level 2  
  115  7:43  Marine  
  115  7:44  Marine x7  
  115  7:49  SCV x3  
  121  7:56  Supply Depot  
  121  7:57  Factory Reactor, Supply Depot  
  121  7:59  Marine  
  121  8:01  Marine  
  121  8:02  Marine x4  
  121  8:05  Medivac x2  
  121  8:14  Widow Mine, Supply Depot  
  121  8:15  Drilling Claws  
  121  8:19  SCV x2  
  125  8:20  SCV  
  125  8:26  Marine x8  
  133  8:32  Supply Depot x2  
  133  8:34  Widow Mine x2  
  133  8:35  Medivac x2  
  133  8:36  Widow Mine  
  133  8:38  SCV x3  
  146  8:45  Planetary Fortress  
  146  8:51  Barracks  
  146  8:53  Barracks  
  146  8:56  Marine x4, Marauder, Barracks  
  146  9:01  SCV x3  
  155  9:06  Refinery x2, Medivac  
  155  9:07  Terran Vehicle And Ship Armor Level 1  
  155  9:09  Medivac  
  159  9:13  Widow Mine  
  159  9:14  Widow Mine  
  163  9:20  Supply Depot  
  163  9:21  Marine, Supply Depot  
  163  9:22  Marine x3, Marauder  
  165  9:40  Marine x6, Widow Mine x3  
  165  9:41  Barracks Tech Lab  
  165  9:42  Barracks Tech Lab  
  165  9:43  Marauder, Barracks Tech Lab  
  172  9:52  Starport  
  172  9:55  Fusion Core, Starport  
  172  9:57  Terran Infantry Weapons Level 3, Terran Infantry Armor Level 3  
  172  10:03  Widow Mine  
  172  10:04  Marauder, Widow Mine x2  
  172  10:05  Medivac  
  182  10:07  Medivac  
  184  10:20  Marauder  
  184  10:21  Marauder  
  184  10:25  Widow Mine x3  
  184  10:26  Marine  
  184  10:27  Marine x5  
  189  10:32  SCV x3  
  176  10:36  SCV  
  176  10:39  Medivac x2  
  176  10:41  Marauder  
  180  10:44  SCV x2  
  180  10:46  Widow Mine x3  
  186  10:50  Starport Reactor, Advanced Ballistics  
  186  10:51  Starport Reactor  
  181  10:57  SCV  
  181  11:03  Liberator  
  174  11:04  Command Center  
  174  11:07  Marauder x4  
  174  11:08  Liberator  
  182  11:19  Widow Mine  
  182  11:20  Widow Mine x2  
  182  11:23  Liberator x2  
  194  11:26  Ghost Academy  
  194  11:28  Marauder  
  194  11:29  Sensor Tower, Marauder x2  
  200  11:36  Liberator  
  186  11:54  Sensor Tower  
  186  11:55  Marine x2, Marauder x3  
  186  11:56  Widow Mine  
  186  11:57  Widow Mine  
  158  12:04  SCV  
  158  12:05  SCV x2  
  122  12:17  SCV x3  
  122  12:18  Marauder x3  
  122  12:19  Marauder, Marine  
  105  12:23  Marine x6  
  105  12:29  SCV x3  
  109  12:32  Marine  
Show
View Real Time Build Order
Export as new Build Order

GOReynor Zerg - Winner!

Build Orders: Hatch First 

Get SALT Encoding   

  12  0:00  Drone  
  13  0:12  Overlord  
  13  0:16  Drone  
  14  0:30  Drone x2  
  16  0:48  Hatchery  
  15  0:51  Drone  
  15  0:54  Drone  
  17  0:57  Drone  
  18  1:08  Extractor  
  17  1:13  Spawning Pool  
  17  1:16  Drone  
  17  1:19  Drone  
  18  1:27  Drone  
  19  1:38  Drone  
  20  1:49  Overlord  
  20  1:59  Queen  
  20  2:00  Zergling x4, Queen  
  26  2:10  Drone x2  
  28  2:21  Drone x2  
  30  2:27  Hatchery  
  29  2:33  Drone x2  
  31  2:39  Queen  
  33  2:45  Metabolic Boost  
  33  2:49  Overlord  
  33  2:51  Drone  
  34  2:53  Drone  
  34  2:56  Drone  
  36  3:08  Drone x3  
  36  3:10  Overlord  
  36  3:12  Drone  
  40  3:18  Drone  
  41  3:21  Queen  
  41  3:24  Drone  
  44  3:29  Overlord  
  44  3:30  Drone  
  45  3:36  Drone  
  45  3:38  Zergling x4  
  45  3:40  Baneling Nest, Zergling x2  
  48  3:42  Drone x2  
  48  3:47  Queen, Drone  
  53  3:50  Overlord  
  53  3:51  Drone  
  53  3:53  Drone  
  55  3:58  Overlord  
  55  4:00  Drone x3  
  58  4:04  Queen  
  58  4:09  Overlord  
  60  4:11  Drone  
  60  4:12  Drone  
  60  4:13  Drone  
  62  4:20  Drone  
  62  4:22  Drone  
  62  4:23  Queen, Drone  
  67  4:26  Baneling x3  
  67  4:32  Zergling x4  
  67  4:33  Overlord  
  67  4:36  Zergling x6  
  71  4:38  Zergling x2  
  71  4:39  Zergling x2  
  71  4:40  Drone  
  71  4:42  Overlord  
  74  4:46  Spore Crawler, Drone  
  74  4:49  Zergling x4  
  74  4:50  Zergling x2  
  74  4:51  Zergling x2  
  78  4:57  Drone x2, Overlord  
  79  5:04  Queen  
  79  5:05  Spore Crawler, Queen  
  82  5:08  Zergling x8  
  82  5:09  Drone  
  82  5:11  Overlord  
  87  5:15  Spore Crawler  
  87  5:19  Zergling x4  
  87  5:20  Overlord  
  88  5:22  Drone x2  
  88  5:23  Drone  
  91  5:30  Overlord  
  91  5:32  Drone x2  
  91  5:35  Overlord  
  93  5:38  Drone x2  
  93  5:41  Drone x4  
  95  5:45  Lair  
  95  5:48  Drone x2  
  97  5:50  Drone  
  97  5:54  Extractor  
  97  5:55  Extractor, Drone x2  
  97  5:56  Unknown, Queen  
  99  5:57  Evolution Chamber  
  99  5:58  Evolution Chamber  
  99  5:59  Pneumatized Carapace  
  99  6:01  Drone  
  98  6:04  Hatchery  
  98  6:06  Extractor, Drone x3  
  98  6:07  Spore Crawler  
  98  6:10  Overlord  
  98  6:16  Zergling x4  
  98  6:18  Drone x2  
  101  6:21  Drone  
  101  6:23  Zergling x2  
  103  6:27  Overlord  
  103  6:28  Zerg Ground Armor Level 1, Hatchery  
  103  6:31  Zergling x8  
  107  6:34  Zergling x4  
  107  6:36  Overlord  
  107  6:39  Zerg Melee Weapons Level 1  
  109  6:43  Centrifical Hooks  
  109  6:45  Zergling x4  
  109  6:46  Zergling x8  
  115  6:51  Drone  
  116  6:55  Drone x4  
  116  6:57  Zergling x2  
  116  7:01  Infestation Pit  
  120  7:03  Drone x4  
  120  7:04  Baneling x2  
  120  7:05  Baneling x4  
  120  7:07  Zergling x6  
  127  7:10  Zergling x2  
  127  7:11  Zergling x2  
  127  7:15  Zergling x2  
  127  7:17  Baneling x2  
  127  7:19  Zergling x4  
  131  7:22  Zergling x2  
  131  7:27  Zergling x2  
  131  7:29  Zergling x2  
  133  7:30  Zergling x6  
  133  7:31  Zergling x2  
  133  7:33  Zergling x4  
  133  7:34  Zergling x4  
  139  7:37  Zergling x6  
  139  7:38  Overlord, Hive  
  139  7:40  Zergling x2  
  139  7:42  Drone  
  139  7:44  Drone x2  
  138  7:48  Drone  
  138  7:50  Queen  
  136  7:55  Overlord  
  136  7:57  Drone x3  
  139  8:01  Zergling x10  
  139  8:03  Overlord  
  144  8:07  Drone x3  
  144  8:08  Drone x3  
  144  8:10  Extractor, Queen  
  144  8:12  Zergling x6  
  150  8:17  Spore Crawler  
  150  8:18  Zergling x4  
  150  8:19  Spore Crawler  
  150  8:20  Hatchery  
  150  8:21  Zergling x4  
  150  8:23  Baneling x4  
  150  8:24  Zerg Ground Armor Level 2  
  150  8:26  Baneling x3  
  151  8:31  Queen  
  153  8:35  Zerg Melee Weapons Level 2  
  153  8:37  Overlord  
  153  8:38  Zergling x20  
  163  8:43  Zergling x2  
  163  8:44  Zergling x10  
  167  8:52  Overlord  
  166  8:59  Ultralisk Cavern  
  165  9:03  Drone x4  
  165  9:08  Extractor  
  168  9:11  Baneling x4  
  168  9:12  Baneling x3, Spore Crawler, Viper x3  
  168  9:14  Adrenal Glands, Spore Crawler  
  168  9:15  Spore Crawler  
  174  9:19  Zergling x10  
  174  9:20  Hatchery  
  176  9:36  Zergling x34  
  183  9:41  Overlord  
  183  9:44  Drone x8  
  190  9:46  Chitinous Plating  
  190  9:57  Overlord  
  189  10:01  Ultralisk  
  189  10:03  Zergling x6  
  198  10:11  Baneling  
  198  10:13  Baneling x9  
  198  10:18  Zergling x4  
  199  10:24  Zergling x2  
  199  10:25  Zergling x42  
  199  10:28  Zergling x4  
  198  10:35  Ultralisk, Zergling x2  
  192  10:45  Ultralisk, Zergling x6  
  192  10:46  Baneling x4  
  192  10:49  Overseer  
  197  10:54  Drone x4  
  195  10:57  Queen  
  195  10:58  Extractor  
  195  11:05  Zergling x10  
  195  11:10  Overseer  
  198  11:16  Spire  
  198  11:17  Zergling x2  
  198  11:18  Zergling x4  
  200  11:19  Baneling x3  
  200  11:20  Baneling x10  
  200  11:29  Extractor  
  199  11:33  Extractor  
  199  11:35  Baneling x3  
  199  11:36  Baneling x5  
  198  11:44  Zergling x20  
  188  11:56  Ultralisk x2, Zergling x12  
  184  12:03  Ultralisk, Zergling x24  
  196  12:09  Zergling x10  
  196  12:10  Zergling x10  
  196  12:13  Zergling x2  
  196  12:15  Zergling x6  
  188  12:22  Zergling x6  
  186  12:24  Zergling x2  
  186  12:29  Overlord  
  182  12:31  Zergling x2  
  184  12:44  Hatchery  
Tags
 
Add a new tag
Caveats
  • Supply blocks, unpowered buildings, or Contaminate may cause inaccurate times.
  • Supply counts are checked every 10 seconds.